 Seeded DCSS version 0.29.0-13-gc9e81de378 (webtiles) character file.

Game seed: 20220907 (custom seed)

247 purpskrrrp the Grave Robber (level 5, -3/35 HPs)
             Began as a Demonspawn Necromancer on Sept 7, 2022.
             Killed from afar by a white imp (5 damage)
             ... with a puff of frost
             ... on level 5 of the Dungeon.
             The game lasted 00:12:10 (3812 turns).

purpskrrrp the Grave Robber (DsNe)                  Turns: 3812, Time: 00:12:11

Health: -3/35      AC:  7    Str:  9    XL:     5   Next: 85%
Magic:  1/9        EV: 13    Int: 18    God:
Gold:   344        SH:  0    Dex: 13    Spells: 2/10 levels left

rFire   . . .      SeeInvis .   k - +1 dagger (speed)
rCold   . . .      Faith    .   (no shield)
rNeg    . . .      Spirit   .   a - +1 robe
rPois   .          Reflect  .   f - +0 helmet
rElec   .          Harm     .   (no cloak)
rCorr   .          Rampage  .   c - +0 pair of gloves
Will    .....                   (no boots)
Stlth   ++........              (no amulet)
HPRegen 0.11/turn               (no ring)
MPRegen 0.11/turn               (no ring)

@: no status effects
A: thin metallic scales 1, ignite blood 2
a: no special abilities


You were on level 5 of the Dungeon.
You visited 1 branch of the dungeon, and saw 5 of its levels.

You collected 344 gold pieces.

Inventory:

Hand Weapons
 k - a +1 dagger of speed (weapon)
Armour
 a - a +1 robe (worn)
 c - a +0 pair of gloves (worn)
 f - a +0 helmet (worn)
 m - a +2 hat
Scrolls
 d - a scroll of teleportation
 e - a scroll of magic mapping {unknown}
 h - a scroll of identify
Potions
 b - a potion of magic
 g - a potion of might
 i - 3 potions of brilliance
 j - a potion of resistance {unknown}
 l - a potion of heal wounds {unknown}


   Skills:
 + Level 3.1 Dodging
 + Level 3.3 Stealth
 + Level 3.2 Spellcasting
 + Level 5.5 Necromancy


You had 2 spell levels left.
You knew the following spells:

 Your Spells              Type           Power      Damage    Failure   Level
a - Necrotise             Necr           88%        1d8       1%          1
b - Vampiric Draining     Necr           22%        2d7       4%          3
c - Animate Dead          Necr           22%        N/A       17%         4

Your spell library contained the following spells:

 Spells                   Type           Power      Damage    Failure   Level
 Agony                    Necr           22%        N/A       43%         5
 Borgnjor's Revivificati  Necr           11%        N/A       100%        8
 Necromutation            Tmut/Necr      6%         N/A       100%        8
 Death's Door             Necr           11%        N/A       100%        9


Dungeon Overview and Level Annotations

Branches:
Dungeon (4/15)
 Temple: D:4-7

Altars:

Shops:
D:5 :


Innate Abilities, Weirdness & Mutations

You are partially covered in thin metallic scales. (AC +2)
Your demonic aura often causes spilled blood to erupt in flames.


Message History

Your orc skeleton completely resists.
Your orc skeleton hits the white imp but does no damage.
Your orc skeleton closely misses the white imp.
You are too injured to fight recklessly!
Unknown command.
Aiming: Necrotise (safe; 1% risk of failure)
Press: ? - help, Q - select action, (/) - cycle Shift-Dir - straight line, f - white imp
Aim: a white imp (ally target, not susceptible)
The white imp is unaffected.
The white imp gestures at you.
The puff of frost misses your orc skeleton.
The puff of frost hits you but does no damage.
Your orc skeleton closely misses the white imp.
Your orc skeleton hits the white imp but does no damage.
Aiming: Necrotise (safe; 1% risk of failure)
Press: ? - help, Q - select action, (/) - cycle Shift-Dir - straight line, f/p - white imp
Aim: a white imp (ally target, not susceptible)
The white imp is unaffected.
The white imp hits your orc skeleton.
The white imp freezes your orc skeleton.
Your orc skeleton completely resists.
Your orc skeleton closely misses the white imp.
Your orc skeleton misses the white imp.
Aiming: Necrotise (safe; 1% risk of failure)
Press: ? - help, Q - select action, (/) - cycle Shift-Dir - straight line, f/p - white imp
Aim: a white imp (ally target, not susceptible)
The white imp is unaffected.
The white imp gestures at you.
The puff of frost hits your orc skeleton.
Your orc skeleton resists.
Your orc skeleton is destroyed!
Your orc priest skeleton closely misses the white imp.
Your orc skeleton hits the white imp but does no damage.
The white imp gestures at you. The puff of frost hits you.
* * * LOW HITPOINT WARNING * * *
Your orc priest skeleton closely misses the white imp.
The white imp gestures at you. The puff of frost hits you.
You die...

.## ...#...# ..#.
......# ...##
......##
............#
##)?##......#
#....#Z.....#
#...5Z)....#. ...
#...@.)......
...###.....#......
.....!.....# ...##
.........####.....
.####.............
#..#.∩.#.....!
##............
###...#...#...
#.....###.# #


You could see a white imp (ally target), a friendly orc skeleton and a friendly
orc priest skeleton.

Vanquished Creatures
  2 orc priests
  A hound (D:4)
  An orc wizard (D:3)
  3 adders
  A worm (D:2)
  2 dart slugs
  9 orcs
  7 ball pythons
  10 bats
  2 endoplasms
  4 giant cockroaches
  6 goblins
  5 hobgoblins
  7 jackals
  3 quokkas
  4 frilled lizards
  5 kobolds
  6 rats
78 creatures vanquished.

Vanquished Creatures (collateral kills)
  2 worms
  An orc (D:4)
  A goblin (D:3)
  A jackal (D:1)
  A rat (D:1)
6 creatures vanquished.

Grand Total: 84 creatures vanquished

Notes
Turn   | Place    | Note
-------+----------+-------------------------------------------
     0 | D:1      | purpskrrrp the Demonspawn Necromancer began the quest for
                  | the Orb.
     0 | D:1      | Reached XP level 1. HP: 13/13 MP: 3/3
    68 | D:1      | Found a faded altar of an unknown god.
   149 | D:1      | Gained mutation: Your demonic aura sometimes causes spilled
                  | blood to erupt in flames. [demonic ancestry]
   149 | D:1      | Reached XP level 2. HP: 14/19 MP: 0/5
  1218 | D:2      | Gained mutation: You are partially covered in thin metallic
                  | scales. (AC +2) [demonic ancestry]
  1218 | D:2      | Reached XP level 3. HP: 22/24 MP: 0/6
  2351 | D:3      | Reached skill level 5 in Necromancy
  2351 | D:3      | Reached XP level 4. HP: 19/30 MP: 2/8
  2608 | D:3      | Identified a scroll of acquirement
  2608 | D:3      | Acquired a Necronomicon
  2614 | D:3      | Learned a level 3 spell: Vampiric Draining
  2619 | D:3      | Learned a level 4 spell: Animate Dead
  3171 | D:3      | Gained mutation: Your demonic aura often causes spilled
                  | blood to erupt in flames. [demonic ancestry]
  3171 | D:3      | Reached XP level 5. HP: 35/35 MP: 6/9
  3508 | D:4      | Noticed a small abomination
  3781 | D:4      | You fall into a shaft and drop 1 floor!
  3781 | D:5      | Entered Level 5 of the Dungeon
  3784 | D:5      | Found Daahudoa's Book Emporium.
  3811 | D:5      | HP: 1/35 [white imp/puff of frost (4)]
  3812 | D:5      | Killed from afar by a white imp

Illustrated notes

Levels and vault maps discovered:
D:1:      wheals_arrival_shading, layout_rooms, shapermc_ecumenical_altar_gd,
          moated_statue, dreamdust_wishing_well, minmay_misc_feat_doors,
          st_stairs_11, solitary_fountain, minmay_tripent
D:2:      layout_basic, nicolae_concentric_dashed_squares_wild
D:3:      minmay_evil_eye, layout_loops_cross, corexii_shack
D:4:      layout_cave_pods, gammafunk_ghost_abyssal_escape
D:5:      layout_cave_pools, mainiacjoe_overflow_large_starburst,
          minmay_temple_entry_proselytizer, serial_shops, nicolae_shop_stone,
          uniq_pikel

Skill      XL: |  1  2  3  4  5 |
---------------+----------------+-----
Stealth        | 2 3 |  3.3
Dodging        | 2 3 |  3.1
Necromancy     | 5 |  5.5
Spellcasting   | 3 |  3.2

Action                   |  1- 3 |  4- 6 || total
-------------------------+-------+-------++-------
Melee: Unarmed           |    83 |       ||    83
       Punch             |     1 |       ||     1
       Dagger            |    14 |    25 ||    39
 Cast: Necrotise         |    57 |    63 ||   120
       Vampiric Draining |       |     1 ||     1
  Use: Scroll            |       |     7 ||     7
 Stab: Sleeping          |     4 |       ||     4
Armor: Robe              |    48 |    16 ||    64
Dodge: Dodged            |   105 |    26 ||   131
